[Event "2019 National Open"]
[Site "Las Vegas"]
[Date "2019.06.14"]
[Round "3"]
[White "Feinstein, Michael"]
[Black "Katz, Alexander"]
[Result "0-1"]
[ECO "B09"]
[WhiteElo "2142"]
[BlackElo "2427"]
[PlyCount "64"]
[EventDate "2019.??.??"]
[TimeControl "5400+30"]
[WhiteClock "0:21:11"]
[BlackClock "0:02:14"]

1. d4 d6 2. e4 Nf6 3. Nc3 g6 4. f4 Bg7 5. Nf3 O-O 6. Bd3 Nc6 7. e5 dxe5 8. fxe5 Nh5 9. Ne2 Bg4 10. c3 Bxf3 11. gxf3 e6 12. Be3 Ne7 13. Qd2 c5 14. Ng3 cxd4 15. cxd4 Nxg3 16. hxg3 f5 17. Qh2 h5 18. g4 fxg4 19. fxg4 Rf3 20. Qe2 Qd5 21. Rg1 Nc6 22. O-O-O Nb4 23. b3 Rc8+ 24. Kb2 Nxd3+ 25. Qxd3 h4 26. Rge1 Kh7 27. Rh1 h3 28. Qd2 Qe4 29. Rde1 Qxg4 30. Rh2 Rd8 31. Qc2 Rxd4 32. Rg1 Qe4 0-1

[Event "2019 National Open"]
[Site "Las Vegas"]
[Date "2019.06.14"]
[Round "4"]
[White "Belous, Vladimir"]
[Black "Polavaram, Rithik"]
[Result "1-0"]
[ECO "A18"]
[WhiteElo "2514"]
[BlackElo "2058"]
[PlyCount "115"]
[EventDate "2019.??.??"]
[TimeControl "5400+30"]
[WhiteClock "0:02:25"]
[BlackClock "1:11:08"]

1. c4 Nf6 2. Nc3 e6 3. e4 d5 4. e5 d4 5. exf6 dxc3 6. bxc3 Qxf6 7. Nf3 c5 8. Bd3 Bd7 9. Rb1 Bc6 10. Qe2 Qf4 11. Bc2 Qg4 12. O-O Nd7 13. d4 O-O-O 14. Be3 Bxf3 15. Qxf3 Qxf3 16. gxf3 e5 17. Be4 b6 18. dxe5 Nxe5 19. Bd5 Bd6 20. a4 f6 21. f4 Ng6 22. a5 Ne7 23. axb6 Nxd5 24. b7+ Kc7 25. cxd5 Rb8 26. Ra1 Kxb7 27. Ra5 Rhc8 28. Rfa1 a6 29. c4 Ra8 30. Rb1+ Kc7 31. f5 Rab8 32. Rxb8 Rxb8 33. Rxa6 Rb6 34. Rxb6 Kxb6 35. Bd2 Be5 36. h3 Bd6 37. Kg2 Be5 38. Kf3 Bd6 39. Kg4 Be7 40. Bf4 Bf8 41. Bd2 Bd6 42. h4 Be7 43. h5 h6 44. Bf4 Bf8 45. Kf3 Be7 46. Ke4 Bf8 47. Kd3 Be7 48. Kc3 Ka6 49. Kb3 Kb7 50. Ka4 Kb6 51. Bg3 Bf8 52. d6 Kc6 53. Ka5 g5 54. fxg6 Bg7 55. Ka6 f5 56. Bf4 Bf8 57. Be5 Bxd6 58. Bxd6 1-0

[Event "2019 National Open"]
[Site "Las Vegas"]
[Date "2019.06.14"]
[Round "4"]
[White "Shetty, Atulya"]
[Black "Costello, Alexander"]
[Result "1/2-1/2"]
[ECO "A20"]
[WhiteElo "2431"]
[BlackElo "2297"]
[PlyCount "72"]
[EventDate "2019.??.??"]
[TimeControl "5400+30"]
[WhiteClock "0:04:42"]
[BlackClock "0:13:43"]

1. c4 e5 2. g3 Nf6 3. Bg2 c6 4. d4 exd4 5. Qxd4 Na6 6. Nf3 Bc5 7. Qd1 O-O 8. O-O d5 9. cxd5 Qxd5 10. Qa4 Qh5 11. Bg5 Be7 12. Nc3 Nc5 13. Qc2 h6 14. Be3 Bf5 15. Qc1 Nce4 16. Nxe4 Bxe4 17. Bd4 c5 18. Bc3 Nd5 19. Bd2 b5 20. Rd1 a6 21. a4 Rfc8 22. h3 Qf5 23. Ne1 Bxg2 24. Kxg2 Qe4+ 25. Nf3 c4 26. Qb1 Qxb1 27. Raxb1 c3 28. bxc3 bxa4 29. Ra1 a3 30. Rdc1 Nb6 31. Rc2 Nc4 32. Bf4 g5 33. Bc1 Rab8 34. Nd4 Bc5 35. Rca2 Nb2 36. Nc2 Na4 1/2-1/2

[Event "2019 National Open"]
[Site "Las Vegas"]
[Date "2019.06.14"]
[Round "4"]
[White "Asaria, Danial"]
[Black "Katz, Alexander"]
[Result "0-1"]
[ECO "A42"]
[WhiteElo "2304"]
[BlackElo "2427"]
[PlyCount "48"]
[EventDate "2019.??.??"]
[TimeControl "5400+30"]
[WhiteClock "0:32:06"]
[BlackClock "0:09:36"]

1. d4 d6 2. c4 e5 3. d5 f5 4. Nc3 Nf6 5. Qc2 c6 6. Bg5 h6 7. Bd2 Be7 8. e4 cxd5 9. cxd5 fxe4 10. Nxe4 Nxd5 11. Bb5+ Kf8 12. Rd1 Nc7 13. Ba4 Bf5 14. Ne2 Nba6 15. N2g3 Bxe4 16. Nxe4 d5 17. f4 dxe4 18. fxe5 Qd3 19. Qc1 Kg8 20. Be3 Nb4 21. Rf1 Kh7 22. Bxh6 Rhf8 23. Bf4 Ncd5 24. Bb3 Rac8 0-1

[Event "2019 National Open"]
[Site "Las Vegas"]
[Date "2019.06.14"]
[Round "4"]
[White "Della Morte, Pablo"]
[Black "Nestorovic, Nikola"]
[Result "0-1"]
[ECO "C50"]
[WhiteElo "2270"]
[BlackElo "2481"]
[PlyCount "86"]
[EventDate "2019.??.??"]
[TimeControl "5400+30"]
[WhiteClock "0:00:37"]
[BlackClock "0:02:11"]

1. e4 e5 2. Nf3 Nc6 3. Bc4 Bc5 4. d3 Nf6 5. O-O O-O 6. c3 d6 7. Bb3 h6 8. Nbd2 a5 9. a4 Ba7 10. Re1 Ne7 11. Nf1 Ng6 12. Ng3 c6 13. h3 d5 14. exd5 Nxd5 15. d4 exd4 16. Nxd4 Ndf4 17. Qf3 Qf6 18. Ne4 Qh4 19. Nd6 Bxd4 20. cxd4 Be6 21. Bxf4 Nxf4 22. Bxe6 fxe6 23. Qg4 Qe7 24. Nf5 Qc7 25. Ng3 Rf6 26. Nh5 Nxh5 27. Qxh5 Qf4 28. Qe2 Qxd4 29. Red1 Qb6 30. Ra3 Raf8 31. Rf1 Qd4 32. Qc2 Rf4 33. Qe2 e5 34. Qc2 Kh8 35. Raa1 Qd5 36. Qc3 Rd4 37. Rae1 Rf5 38. Qe3 Rxa4 39. Qa7 Rg5 40. g3 b5 41. Re3 Kh7 42. Rfe1 Ra2 43. b3 Rf5 0-1

[Event "2019 National Open"]
[Site "Las Vegas"]
[Date "2019.06.14"]
[Round "4"]
[White "Kung, Thomas"]
[Black "Kavutskiy, Konstantin"]
[Result "1/2-1/2"]
[ECO "B00"]
[WhiteElo "2136"]
[BlackElo "2417"]
[PlyCount "149"]
[EventDate "2019.??.??"]
[TimeControl "5400+30"]
[WhiteClock "0:04:21"]
[BlackClock "0:03:16"]

1. e4 Nc6 2. Nf3 d6 3. d4 Nf6 4. Nc3 g6 5. Bb5 Bd7 6. e5 dxe5 7. dxe5 Nh5 8. O-O a6 9. Bc4 b5 10. Bxf7+ Kxf7 11. e6+ Ke8 12. exd7+ Qxd7 13. Qe2 Bg7 14. Rd1 Qf5 15. Nd5 Kf8 16. Nxc7 Rc8 17. Ne6+ Kg8 18. c3 h6 19. h3 Qf7 20. Bd2 Ne5 21. Nfd4 Nc4 22. b3 Nxd2 23. Qxd2 Bxd4 24. Nxd4 Kh7 25. Qe3 Nf4 26. Rac1 Rhf8 27. Ne2 Nd5 28. Qg3 Nf6 29. Qe5 Rc6 30. Nd4 Rd6 31. Nf3 Re6 32. Qd4 Re4 33. Qd3 Re6 34. Re1 Nh5 35. Rxe6 Qxe6 36. Qe3 Qxe3 37. fxe3 Ng3 38. Kf2 Ne4+ 39. Ke2 Rc8 40. Kd3 Nf2+ 41. Kc2 g5 42. Nd2 g4 43. hxg4 Nxg4 44. Kd3 Ne5+ 45. Ke4 Nd7 46. Nf3 Rd8 47. Kd5 Nf8+ 48. Kc6 Rd6+ 49. Kb7 Nd7 50. Rc2 Nc5+ 51. Ka7 Re6 52. c4 b4 53. Nd4 Rf6 54. Nf3 a5 55. Rd2 a4 56. Rd5 axb3 57. axb3 Nxb3 58. Rb5 Re6 59. c5 Nxc5 60. Rxc5 Rxe3 61. Rc2 b3 62. Rb2 e5 63. Kb6 Kg6 64. Kc5 Kf5 65. Kc4 Kf4 66. Rxb3 Rxb3 67. Kxb3 e4 68. Ne1 Ke3 69. g4 Kf4 70. Kc3 Kxg4 71. Kd2 Kf4 72. Ke2 h5 73. Kf2 h4 74. Ng2+ Kg4 75. Nxh4 1/2-1/2

[Event "2019 National Open"]
[Site "Las Vegas"]
[Date "2019.06.14"]
[Round "4"]
[White "Huang, Gary"]
[Black "Yanayt, Eugene"]
[Result "1/2-1/2"]
[ECO "A04"]
[WhiteElo "2119"]
[BlackElo "2241"]
[PlyCount "107"]
[EventDate "2019.??.??"]
[TimeControl "5400+30"]
[WhiteClock "0:06:55"]
[BlackClock "0:01:13"]

1. Nf3 g6 2. g3 Bg7 3. Bg2 e5 4. e4 c5 5. O-O Nc6 6. c3 Nge7 7. d3 O-O 8. a3 a5 9. a4 h6 10. Be3 Qb6 11. Qd2 Kh7 12. Na3 d6 13. Nb5 Be6 14. Nxd6 Rfd8 15. b4 axb4 16. cxb4 Nxb4 17. Rfc1 Na6 18. Nc4 Qc7 19. Rab1 Nc6 20. Nb6 Rab8 21. Bxc5 Nxc5 22. Rxc5 Qd6 23. Rcb5 Qxd3 24. Qxd3 Rxd3 25. h3 f5 26. exf5 gxf5 27. Ne1 Rd2 28. Bd5 Bxd5 29. Rxd5 Rd8 30. Rxd8 Rxd8 31. Nc4 Rd7 32. Nf3 f4 33. Re1 fxg3 34. fxg3 Rd5 35. Kf2 Rc5 36. Nd6 b6 37. Rb1 Rc2+ 38. Ke3 Nd4 39. Nxd4 exd4+ 40. Kf4 Rf2+ 41. Ke4 Re2+ 42. Kf3 Re3+ 43. Kf2 Re6 44. Nf5 Bf8 45. Re1 Rf6 46. Re5 Kg6 47. g4 h5 48. Ke2 hxg4 49. hxg4 Bc5 50. Kd3 Rf8 51. Nh4+ Kg7 52. Rg5+ Kh7 53. a5 Ra8 54. axb6 1/2-1/2

[Event "2019 National Open"]
[Site "Las Vegas"]
[Date "2019.06.14"]
[Round "4"]
[White "Kondakov, Adrian"]
[Black "Ghatti, Sanjay"]
[Result "0-1"]
[ECO "B13"]
[WhiteElo "2009"]
[BlackElo "2190"]
[PlyCount "92"]
[EventDate "2019.??.??"]
[TimeControl "5400+30"]
[WhiteClock "0:46:08"]
[BlackClock "0:24:22"]

1. e4 c6 2. d4 d5 3. exd5 cxd5 4. Nf3 Nc6 5. Bb5 a6 6. Bxc6+ bxc6 7. Ne5 Qb6 8. O-O Bf5 9. c4 f6 10. c5 Qb7 11. Nf3 g5 12. Nc3 e6 13. Re1 Ne7 14. Ne2 h5 15. Ng3 Kd7 16. Qe2 Re8 17. Bxg5 fxg5 18. Nxg5 h4 19. Nf7 hxg3 20. Nxh8 Bg7 21. Nf7 gxh2+ 22. Kh1 Bxd4 23. Nd6 Qxb2 24. Qxa6 Bxc5 25. Nxe8 Kxe8 26. Qe2 Qxe2 27. Rxe2 d4 28. a4 d3 29. Rd2 Bb4 30. Rdd1 Ba5 31. Ra3 d2 32. Ra2 c5 33. Raxd2 Bxd2 34. Rxd2 c4 35. Kxh2 c3 36. Rd4 c2 37. Rc4 Nd5 38. a5 Bd3 39. Rc5 Nb4 40. f3 Kd7 41. Kg3 Kd6 42. Rc3 Nd5 43. a6 Nxc3 44. a7 Ne2+ 45. Kh3 c1=Q 46. a8=Q Qh6+ 0-1

[Event "2019 National Open"]
[Site "Las Vegas"]
[Date "2019.06.14"]
[Round "5"]
[White "Antal, Gergely"]
[Black "Shetty, Atulya"]
[Result "0-1"]
[ECO "C07"]
[WhiteElo "2559"]
[BlackElo "2431"]
[PlyCount "123"]
[EventDate "2019.??.??"]
[TimeControl "5400+30"]
[WhiteClock "0:03:14"]
[BlackClock "0:01:33"]

1. e4 e6 2. d4 d5 3. Nd2 c5 4. exd5 Qxd5 5. Ngf3 cxd4 6. Bc4 Qd6 7. O-O Nf6 8. Nb3 Nc6 9. Nbxd4 Nxd4 10. Nxd4 a6 11. Re1 Qc7 12. Bf1 Be7 13. Qf3 O-O 14. Bf4 Bd6 15. Bxd6 Qxd6 16. Rad1 Qc7 17. c4 Bd7 18. b3 Rfe8 19. Qg3 Qxg3 20. hxg3 e5 21. Nc2 Rad8 22. f3 e4 23. Kf2 exf3 24. Rxe8+ Rxe8 25. gxf3 h5 26. Ne3 g6 27. b4 Kf8 28. c5 Bc6 29. Nc4 g5 30. Na5 Bd5 31. Bc4 Bxc4 32. Nxc4 g4 33. Na5 gxf3 34. Nxb7 Rb8 35. Rd8+ Rxd8 36. Nxd8 a5 37. bxa5 Ne4+ 38. Kxf3 Nxc5 39. Nb7 Na6 40. Ke4 Ke7 41. Kd5 f5 42. Nc5 f4 43. gxf4 h4 44. Ne4 Kd7 45. Nf2 Nc7+ 46. Ke5 Ne6 47. f5 Nd8 48. Kf6 Nc6 49. a6 Kc7 50. Kg5 Kb6 51. Kxh4 Kxa6 52. f6 Kb5 53. Kg5 Nd8 54. Kg6 Kb4 55. Nd3+ Kc4 56. a4 Kd5 57. f7 Ne6 58. Kf6 Kd6 59. Nf4 Nf8 60. Kg7 Nd7 61. f8=Q+ Nxf8 62. Kxf8 0-1

[Event "2019 National Open"]
[Site "Las Vegas"]
[Date "2019.06.14"]
[Round "5"]
[White "Shabalov, Alexander"]
[Black "Kung, Thomas"]
[Result "1/2-1/2"]
[ECO "C48"]
[WhiteElo "2528"]
[BlackElo "2136"]
[PlyCount "43"]
[EventDate "2019.??.??"]
[TimeControl "5400+30"]
[WhiteClock "0:42:10"]
[BlackClock "1:16:20"]

1. e4 e5 2. Nf3 Nc6 3. Bb5 Nf6 4. Nc3 Nd4 5. Ba4 c6 6. Nxe5 d5 7. exd5 Bd6 8. Nc4 b5 9. Nxd6+ Qxd6 10. Bb3 a5 11. a3 Nxb3 12. cxb3 O-O 13. O-O Nxd5 14. d4 Nxc3 15. bxc3 a4 16. b4 Be6 17. Be3 Rfe8 18. Qd2 Bc4 19. Rfe1 f6 20. f3 Qd7 21. Bf4 Rxe1+ 22. Rxe1 1/2-1/2

[Event "2019 National Open"]
[Site "Las Vegas"]
[Date "2019.06.14"]
[Round "5"]
[White "Tang, Andrew"]
[Black "Ippolito, Dean"]
[Result "1/2-1/2"]
[ECO "A45"]
[WhiteElo "2496"]
[BlackElo "2331"]
[PlyCount "52"]
[EventDate "2019.??.??"]
[TimeControl "5400+30"]
[WhiteClock "0:20:33"]
[BlackClock "0:07:29"]

1. d4 Nf6 2. Bf4 g6 3. Nc3 d5 4. e3 Bg7 5. h4 c5 6. Nb5 Na6 7. c3 h5 8. Nf3 O-O 9. Be2 Bg4 10. Ne5 Bxe2 11. Qxe2 Qb6 12. a4 Rfc8 13. O-O cxd4 14. exd4 Nb8 15. Rfe1 a6 16. Na3 Nc6 17. Nd3 Qd8 18. Nc2 b6 19. Ndb4 Nxb4 20. Nxb4 a5 21. Nc2 e6 22. Bg5 Qd7 23. Bxf6 Bxf6 24. g3 Be7 25. Ne3 Bd6 26. Qd3 Rab8 1/2-1/2

[Event "2019 National Open"]
[Site "Las Vegas"]
[Date "2019.06.14"]
[Round "5"]
[White "Prasanna Raghuram Rao"]
[Black "Gurevich, Dmitry"]
[Result "1/2-1/2"]
[ECO "D59"]
[WhiteElo "2448"]
[BlackElo "2399"]
[PlyCount "40"]
[EventDate "2019.??.??"]
[TimeControl "5400+30"]
[WhiteClock "0:51:38"]
[BlackClock "0:59:03"]

1. d4 d5 2. c4 e6 3. Nf3 Nf6 4. Nc3 Be7 5. Bg5 h6 6. Bh4 O-O 7. e3 b6 8. cxd5 Nxd5 9. Bxe7 Qxe7 10. Nxd5 exd5 11. Rc1 Be6 12. Bd3 c5 13. O-O Nd7 14. dxc5 bxc5 15. Bb1 Rfc8 16. b3 a5 17. Ne1 c4 18. Nf3 cxb3 19. Rxc8+ Rxc8 20. axb3 Qb4 1/2-1/2

[Event "2019 National Open"]
[Site "Las Vegas"]
[Date "2019.06.14"]
[Round "5"]
[White "Kavutskiy, Konstantin"]
[Black "Baryshpolets, Andrey"]
[Result "1/2-1/2"]
[ECO "A06"]
[WhiteElo "2417"]
[BlackElo "2574"]
[PlyCount "90"]
[EventDate "2019.??.??"]
[TimeControl "5400+30"]
[WhiteClock "0:02:48"]
[BlackClock "1:00:32"]

1. Nf3 d5 2. e3 Nf6 3. c4 e6 4. Nc3 c5 5. cxd5 Nxd5 6. b3 Nxc3 7. dxc3 Qxd1+ 8. Kxd1 Bd6 9. e4 Nc6 10. Kc2 Ke7 11. Be3 f6 12. Nd2 Ne5 13. h3 g5 14. Nc4 Nxc4 15. Bxc4 b6 16. f3 Bf4 17. Bf2 Bb7 18. a4 a5 19. Bb5 Rad8 20. Rad1 Be5 21. Be3 h5 22. Bf2 Bc8 23. b4 axb4 24. cxb4 Bd4 25. Bxd4 cxd4 26. Kd3 Bd7 27. Bxd7 Rxd7 28. Ra1 e5 29. Rhc1 Ra8 30. b5 Rda7 31. Rc4 Kd7 32. g3 Rc8 33. Rxc8 Kxc8 34. Rc1+ Rc7 35. Rxc7+ Kxc7 36. Kc4 h4 37. gxh4 gxh4 38. Kb4 Kd7 39. Kb3 Ke7 40. Kb4 Kd6 41. Kc4 Ke6 42. Kb4 Ke7 43. Kb3 Kd7 44. Kb4 Kd6 45. Kc4 Kd7 1/2-1/2

[Event "2019 National Open"]
[Site "Las Vegas"]
[Date "2019.06.14"]
[Round "5"]
[White "Yanayt, Eugene"]
[Black "Bryant, John Daniel"]
[Result "1-0"]
[ECO "E98"]
[WhiteElo "2241"]
[BlackElo "2434"]
[PlyCount "85"]
[EventDate "2019.??.??"]
[TimeControl "5400+30"]
[WhiteClock "0:01:48"]
[BlackClock "0:14:13"]

1. d4 g6 2. Nf3 Bg7 3. c4 Nf6 4. Nc3 O-O 5. e4 d6 6. Be2 e5 7. O-O Nc6 8. d5 Ne7 9. Ne1 Nd7 10. Be3 f5 11. f3 f4 12. Bf2 g5 13. Rc1 Ng6 14. c5 Nxc5 15. b4 Na6 16. Nb5 Rf7 17. Nd3 Bd7 18. a4 h5 19. Nxa7 Bf8 20. Re1 Kh7 21. Kh1 Rg7 22. Nb5 Nh8 23. Qc2 Nf7 24. Bf1 Kh8 25. Nxc7 Rc8 26. Bb6 g4 27. b5 Nxc7 28. Bxc7 Qh4 29. Qf2 g3 30. Qg1 Be7 31. Bb6 Rcg8 32. Re2 Bd8 33. Bc7 Qf6 34. Ne1 gxh2 35. Qb6 Be7 36. a5 h4 37. a6 bxa6 38. bxa6 h3 39. a7 Ng5 40. Qb8 Nh7 41. a8=Q Qh6 42. Bb6 Nf6 43. Bf2 1-0

[Event "2019 National Open"]
[Site "Las Vegas"]
[Date "2019.06.14"]
[Round "5"]
[White "Baradaran, Arman"]
[Black "Kondakov, Adrian"]
[Result "1-0"]
[ECO "D30"]
[WhiteElo "2049"]
[BlackElo "2009"]
[PlyCount "211"]
[EventDate "2019.??.??"]
[TimeControl "5400+30"]
[WhiteClock "0:12:54"]
[BlackClock "0:14:23"]

1. d4 d5 2. c4 e6 3. Nf3 Nf6 4. g3 Be7 5. Bg2 O-O 6. O-O c6 7. Qc2 b6 8. Nbd2 Ba6 9. b3 b5 10. c5 b4 11. Re1 Nbd7 12. a3 bxa3 13. Rxa3 Bb5 14. Bb2 Qc7 15. b4 Rfb8 16. Bc3 Ne8 17. Ne5 Nxe5 18. dxe5 a5 19. Rea1 Bxe2 20. Nb3 Bb5 21. Rxa5 Rxa5 22. Rxa5 Qd8 23. Bf1 Bxf1 24. Kxf1 Qc8 25. Qe2 Bd8 26. Ra6 Ra8 27. b5 Rxa6 28. bxa6 Nc7 29. Ba5 Nb5 30. Bxd8 Qxd8 31. Qd2 Qc7 32. Na5 Qxe5 33. Nxc6 Qa1+ 34. Kg2 Qxa6 35. Qf4 Qb7 36. Na5 Qc7 37. Qb4 Qb8 38. c6 d4 39. Nc4 d3 40. Kf1 h6 41. c7 Qb7 42. c8=Q+ Qxc8 43. Qxb5 Qa8 44. Ke1 Qh1+ 45. Kd2 Qf3 46. Qb8+ Kh7 47. Qf4 Qe2+ 48. Kc3 Qc2+ 49. Kb4 Qb1+ 50. Kc5 Qb7 51. Kd4 Qd5+ 52. Ke3 Kg8 53. Qd4 Qh5 54. Qd8+ Kh7 55. Qxd3+ g6 56. h4 Qc5+ 57. Qd4 Qb4 58. Nd6 Qe1+ 59. Kf3 Kg8 60. Kg2 Qa5 61. Kh2 Qd8 62. Qf4 Qe7 63. Qe5 f6 64. Qc5 Kh7 65. Ne4 Qf7 66. Qd6 Kg7 67. Nc5 e5 68. Nd7 h5 69. Kg1 e4 70. Kh1 f5 71. Ne5 Qe8 72. Kh2 Kh7 73. Qf6 Qg8 74. Qf7+ Qxf7 75. Nxf7 Kg7 76. Ng5 Kf6 77. Kg2 Ke5 78. Nh3 Kf6 79. Kf1 Ke5 80. Ke2 Kf6 81. Ke3 Ke5 82. Ng5 Kd5 83. Nh3 Ke5 84. Ng1 Kd5 85. Ne2 Ke5 86. Nc3 f4+ 87. gxf4+ Kf5 88. f3 exf3 89. Kxf3 Kf6 90. Ke4 Kg7 91. Ke5 Kf7 92. Nd5 Kg7 93. Ke6 Kh6 94. Kf6 Kh7 95. Ne7 Kh6 96. Nxg6 Kh7 97. Ne7 Kh6 98. f5 Kh7 99. Nc6 Kh6 100. Ke7 Kh7 101. f6 Kh6 102. f7 Kg6 103. f8=Q Kh7 104. Qf5+ Kh6 105. Qg5+ Kh7 106. Kf7 1-0

[Event "2019 National Open"]
[Site "Las Vegas"]
[Date "2019.06.15"]
[Round "7"]
[White "Shabalov, Alexander"]
[Black "Asaria, Danial"]
[Result "1-0"]
[ECO "B90"]
[WhiteElo "2528"]
[BlackElo "2304"]
[PlyCount "45"]
[EventDate "2019.??.??"]
[TimeControl "5400+30"]
[WhiteClock "0:15:34"]
[BlackClock "0:44:55"]

1. e4 c5 2. Nf3 d6 3. d4 cxd4 4. Nxd4 Nf6 5. Nc3 a6 6. h3 e5 7. Nb3 h5 8. Be2 Be6 9. f4 exf4 10. Bxf4 Nc6 11. Qd2 Rc8 12. O-O-O Ne5 13. Qe3 Qc7 14. Kb1 b5 15. Ka1 Be7 16. Nd5 Bxd5 17. exd5 Nc4 18. Qd4 Nd7 19. Bxc4 Qxc4 20. Qxg7 Rf8 21. Qg3 h4 22. Qe3 Kd8 23. Na5 1-0

[Event "2019 National Open"]
[Site "Las Vegas"]
[Date "2019.06.15"]
[Round "7"]
[White "Tang, Andrew"]
[Black "Lin, Andy"]
[Result "1-0"]
[ECO "D00"]
[WhiteElo "2496"]
[BlackElo "2267"]
[PlyCount "67"]
[EventDate "2019.??.??"]
[TimeControl "5400+30"]
[WhiteClock "0:05:56"]
[BlackClock "0:26:56"]

1. d4 d5 2. Bf4 c5 3. e3 Nc6 4. Nf3 cxd4 5. exd4 Bf5 6. c3 e6 7. Nbd2 Bd6 8. Bxd6 Qxd6 9. Nh4 Nge7 10. Nxf5 Nxf5 11. Bd3 Nfe7 12. O-O O-O 13. Re1 Ng6 14. Qh5 f5 15. g3 e5 16. dxe5 Ngxe5 17. Bf1 f4 18. Rad1 Rad8 19. Bg2 Nd3 20. Re2 g6 21. Qh3 fxg3 22. hxg3 Nxb2 23. Rb1 Nd3 24. Rxb7 h5 25. Qh4 Rf5 26. c4 Nc5 27. Rb1 Kg7 28. cxd5 Rxd5 29. Bxd5 Qxd5 30. Rbe1 Rd7 31. Ne4 Nd3 32. Qf6+ Kh7 33. Ng5+ Kh6 34. Re8 1-0

[Event "2019 National Open"]
[Site "Las Vegas"]
[Date "2019.06.15"]
[Round "7"]
[White "Nestorovic, Nikola"]
[Black "Yanayt, Eugene"]
[Result "1-0"]
[ECO "B72"]
[WhiteElo "2481"]
[BlackElo "2241"]
[PlyCount "65"]
[EventDate "2019.??.??"]
[TimeControl "5400+30"]
[WhiteClock "0:03:07"]
[BlackClock "0:21:20"]

1. e4 c5 2. Nf3 d6 3. d4 cxd4 4. Nxd4 Nf6 5. Nc3 g6 6. Be3 Bg7 7. Be2 O-O 8. Qd2 Ng4 9. Bxg4 Bxg4 10. f3 Bd7 11. h4 Nc6 12. h5 Ne5 13. b3 e6 14. hxg6 fxg6 15. Bh6 Qf6 16. Bxg7 Qxg7 17. O-O-O Rac8 18. Kb1 Rc5 19. Nce2 Nf7 20. c4 Rfc8 21. Rc1 d5 22. exd5 exd5 23. Nf4 Nd8 24. Nxd5 Nc6 25. Nc2 Bf5 26. g4 Bxc2+ 27. Rxc2 b5 28. g5 Kh8 29. Qe3 Nd4 30. Rxh7+ Qxh7 31. Qxd4+ Qg7 32. Rh2+ Kg8 33. Nf6+ 1-0

[Event "2019 National Open"]
[Site "Las Vegas"]
[Date "2019.06.15"]
[Round "7"]
[White "Prasanna Raghuram Rao"]
[Black "Ghazarian, Kirk"]
[Result "1-0"]
[ECO "D02"]
[WhiteElo "2448"]
[BlackElo "2224"]
[PlyCount "73"]
[EventDate "2019.??.??"]
[TimeControl "5400+30"]
[WhiteClock "0:11:55"]
[BlackClock "1:12:05"]

1. d4 d5 2. Nf3 Nf6 3. Bf4 c5 4. e3 Nc6 5. Nbd2 Bf5 6. c3 cxd4 7. exd4 Nh5 8. Be3 e6 9. Ne5 Nf6 10. g4 Bg6 11. h4 h5 12. Nxg6 fxg6 13. g5 Ng4 14. Bh3 Nxe3 15. fxe3 Bd6 16. Qc2 Bg3+ 17. Ke2 Ne7 18. Rag1 Bc7 19. c4 Qd6 20. Qa4+ Qd7 21. Qxd7+ Kxd7 22. cxd5 Nxd5 23. Ne4 Bd6 24. Nc3 Nxc3+ 25. bxc3 Ke7 26. Bg2 Rac8 27. Kd3 b5 28. Rb1 a6 29. Bb7 Rc7 30. Bxa6 Ra8 31. Bxb5 Rxa2 32. c4 Bg3 33. Rh3 Bf2 34. Rf3 Bxh4 35. Rbf1 Bxg5 36. Rf7+ Kd8 37. Rf8+ {[%emt 0:00:00] Kxh8 [%clk 0:12:25] Kxh8 [%clk 1:12:35]} 1-0

[Event "2019 National Open"]
[Site "Las Vegas"]
[Date "2019.06.15"]
[Round "7"]
[White "Katz, Alexander"]
[Black "Gretarsson, Helgi Ass"]
[Result "1/2-1/2"]
[ECO "C53"]
[WhiteElo "2427"]
[BlackElo "2433"]
[PlyCount "31"]
[EventDate "2019.??.??"]
[TimeControl "5400+30"]
[WhiteClock "0:49:08"]
[BlackClock "1:02:46"]

1. e4 e5 2. Nf3 Nc6 3. Bc4 Bc5 4. c3 Nf6 5. d3 d6 6. Bb3 a6 7. Nbd2 Ba7 8. h3 O-O 9. O-O Be6 10. Re1 Re8 11. Nf1 Bxb3 12. Qxb3 Qc8 13. Ng3 Rb8 14. Be3 Bxe3 15. Rxe3 Qe6 16. Qxe6 1/2-1/2

[Event "2019 National Open"]
[Site "Las Vegas"]
[Date "2019.06.15"]
[Round "7"]
[White "Kavutskiy, Konstantin"]
[Black "Watson, John"]
[Result "1-0"]
[ECO "A06"]
[WhiteElo "2417"]
[BlackElo "2199"]
[PlyCount "65"]
[EventDate "2019.??.??"]
[TimeControl "5400+30"]
[WhiteClock "0:05:33"]
[BlackClock "0:11:42"]

1. Nf3 d5 2. e3 g6 3. c4 c6 4. d4 Nf6 5. Nc3 Bg7 6. Be2 O-O 7. O-O dxc4 8. Bxc4 Bg4 9. Be2 Nbd7 10. e4 Qa5 11. Be3 Rfd8 12. Qb3 Qb6 13. Qc2 Rac8 14. h3 Bxf3 15. Bxf3 Qa5 16. Be2 c5 17. d5 c4 18. Rad1 b5 19. a3 Nb6 20. f4 b4 21. axb4 Qxb4 22. Bf3 Nfd7 23. e5 Nc5 24. f5 Bxe5 25. fxg6 hxg6 26. Bg4 Nd3 27. Bc1 Bxc3 28. bxc3 Qc5+ 29. Kh1 Rb8 30. Bh6 Qxd5 31. Qe2 Qe5 32. Rxd3 Qc7 33. Rdf3 1-0

[Event "2019 National Open"]
[Site "Las Vegas"]
[Date "2019.06.15"]
[Round "7"]
[White "Griffith, Kyron"]
[Black "Shetty, Atulya"]
[Result "*"]
[ECO "C11"]
[WhiteElo "2336"]
[BlackElo "2431"]
[PlyCount "154"]
[EventDate "2019.??.??"]
[TimeControl "5400+30"]
[WhiteClock "0:40:28"]
[BlackClock "0:02:29"]

1. e4 e6 2. d4 d5 3. Nc3 Nf6 4. e5 Nfd7 5. f4 c5 6. Nf3 Nc6 7. Be3 a6 8. Qd2 b5 9. Qf2 Qb6 10. Bd3 g6 11. O-O Bb7 12. a3 Rc8 13. Rfd1 cxd4 14. Nxd4 Nxd4 15. Bxd4 Qxd4 16. Qxd4 Bc5 17. Ne2 Bxd4+ 18. Nxd4 Ke7 19. Re1 Nc5 20. Kf2 Bc6 21. h4 h5 22. Ke3 Rc7 23. g3 Rd8 24. Kd2 Rb8 25. c3 Bd7 26. Bc2 Na4 27. Ra2 Nb6 28. Bd3 Nc4+ 29. Ke2 a5 30. b3 Nb6 31. Kd2 a4 32. b4 Nc4+ 33. Bxc4 Rxc4 34. Re3 Rbc8 35. Ra1 Rh8 36. Rae1 Rcc8 37. Rd3 Rc4 38. Ree3 Rcc8 39. Nc2 Rc4 40. Rd4 Rc7 41. Ne1 Rhc8 42. Nf3 Rc6 43. Rdd3 Rc4 44. Re1 Rh8 45. Rc1 Rhc8 46. Rd4 R4c7 47. Ne1 Rh8 48. Nd3 Rcc8 49. Nc5 Bc6 50. Ke3 Bd7 51. Rd2 Kd8 52. Rcd1 Kc7 53. Rc1 Bc6 54. Rg1 Rh7 55. Rh2 Kb6 56. Kd4 Rch8 57. Nd3 Ba8 58. Ne1 Rc8 59. Nf3 Rhh8 60. Kd3 d4 61. Nxd4 Bd5 62. Kc2 Rc7 63. Kb2 Rhc8 64. Rc1 Rc4 65. Re2 R4c7 66. Re3 Rd7 67. Rd1 Rdc7 68. Nf3 Bxf3 69. Rxf3 Rc4 70. Re3 R8c7 71. Kc2 Kb7 72. Rd6 Ka7 73. Kd2 Kb7 74. Red3 Ka7 75. Rd8 Kb7 76. Rf8 Re7 77. Rd6 Ka7 *

[Event "2019 National Open"]
[Site "Las Vegas"]
[Date "2019.06.15"]
[Round "7"]
[White "Wang, Annie"]
[Black "Sorokin, Aleksey"]
[Result "0-1"]
[ECO "D85"]
[WhiteElo "2334"]
[BlackElo "2536"]
[PlyCount "74"]
[EventDate "2019.??.??"]
[TimeControl "5400+30"]
[WhiteClock "0:19:37"]
[BlackClock "0:28:30"]

1. d4 Nf6 2. c4 g6 3. Nc3 d5 4. cxd5 Nxd5 5. e4 Nxc3 6. bxc3 Bg7 7. Bb5+ c6 8. Ba4 O-O 9. Ne2 e5 10. O-O Qe7 11. f3 exd4 12. cxd4 Rd8 13. Be3 b5 14. Bb3 c5 15. Qc1 c4 16. Bc2 Nc6 17. Rd1 a5 18. Rb1 Ba6 19. d5 Nb4 20. Bb6 Nxa2 21. Qd2 c3 22. Qe3 Nb4 23. Rdc1 Rdc8 24. Bxa5 Nxd5 25. Qf2 Bb7 26. Ra1 Nb4 27. Bxb4 Qxb4 28. Rab1 Qc4 29. Qe3 Bf8 30. Kh1 Bc5 31. Qd3 Qxd3 32. Bxd3 b4 33. h3 Ba6 34. Bxa6 Rxa6 35. Rc2 Rca8 36. Kh2 Ra2 37. Rbc1 Be3 0-1

[Event "2019 National Open"]
[Site "Las Vegas"]
[Date "2019.06.15"]
[Round "7"]
[White "Ghatti, Sanjay"]
[Black "Lee, Megan"]
[Result "1/2-1/2"]
[ECO "C77"]
[WhiteElo "2190"]
[BlackElo "2115"]
[PlyCount "108"]
[EventDate "2019.??.??"]
[TimeControl "5400+30"]
[WhiteClock "0:54:39"]
[BlackClock "0:50:47"]

1. e4 e5 2. Nf3 Nc6 3. Bb5 a6 4. Ba4 Nf6 5. d3 Bc5 6. O-O b5 7. Bb3 d6 8. c3 h6 9. Be3 Bxe3 10. fxe3 O-O 11. a4 Rb8 12. axb5 axb5 13. Nbd2 b4 14. Qe2 bxc3 15. bxc3 Qe8 16. Nh4 Be6 17. Ba4 Ra8 18. Kh1 Qd7 19. Qd1 d5 20. exd5 Nxd5 21. Qf3 e4 22. Nxe4 Rxa4 23. Rxa4 Ne5 24. Qg3 Qxa4 25. Qxe5 Nxe3 26. Qf4 Qa7 27. Re1 Nd5 28. Qe5 Re8 29. c4 Ne7 30. Ng3 Nc6 31. Qf4 Qd4 32. Qxc7 Rc8 33. Qb7 Qxh4 34. Rxe6 Rb8 35. Qxb8+ Nxb8 36. Re8+ Kh7 37. Rxb8 Qd4 38. Rb1 Qxd3 39. Rc1 Qd2 40. Rf1 f6 41. c5 Qc2 42. h4 Qxc5 43. h5 Qg5 44. Rf3 Kg8 45. Kg1 Kf7 46. Kf2 Ke6 47. Kg1 Qc1+ 48. Kf2 Qc2+ 49. Kf1 f5 50. Ne2 Ke5 51. Re3+ Kf6 52. Re6+ Kf7 53. Re3 Qc4 54. g3 Qg4 1/2-1/2